 Dungeon Crawl Stone Soup version 0.31-a0-200-gbc41564c69 (webtiles) character file.

Game seed: 7745975830008395893

177 qw the Skirmisher (level 5, 0/29 HPs)
             Began as a Deep Elf Hunter on June 25, 2023.
             Slain by an orc priest
             ... wielding a +0 dagger
              (1 damage)
             ... on level 4 of the Dungeon.
             The game lasted 00:00:57 (2456 turns).

qw the Skirmisher (Deep Elf Hunter)                 Turns: 2456, Time: 00:00:57

Health: 0/29       AC:  6    Str: 10    XL:     5   Next: 31%
Magic:  7/7        EV: 11    Int: 14    God:
Gold:   31         SH:  0    Dex: 18    Spells: 4/4 levels left

rFire   . . .        Y - +0 shortbow
rCold   . . .        (shield currently unavailable)
rNeg    . . .        h - +0 ring mail
rPois   .            (no helmet)
rElec   .            a - +0 cloak
rCorr   .            (no gloves)
SInv    .            (no boots)
Will    .....        (no amulet)
Stlth   +            (no ring)
HPRegen 0.24/turn    (no ring)
MPRegen 0.10/turn

%: no passive effects
@: no status effects
A: no striking features
a: no special abilities


You were on level 4 of the Dungeon.
You visited 1 branch of the dungeon, and saw 4 of its levels.

You collected 121 gold pieces.
You spent 90 gold pieces at shops.


   Skills:
 - Level 1.5 Fighting
 + Level 8.8 Ranged Weapons
 - Level 2.4 Dodging
 - Level 1.2 Stealth


You had 4 spell levels left.
You didn't know any spells.
Your spell library was empty.

Inventory:

Hand Weapons
 Y - a +0 shortbow (weapon)
Armour
 a - a +0 cloak (worn)
 h - a +0 ring mail (worn)
Scrolls
 b - a scroll of identify
Potions
 c - a potion of curing
 e - a potion of heal wounds {unknown}
 f - a potion of degeneration {unknown}
 g - a potion of lignification {unknown}
 i - a potion of resistance

Dungeon Overview and Level Annotations

Branches:
Dungeon (4/15)             Temple (0/1) D:4

Altars:
Cheibriados
Dithmenos
Fedhas
Nemelex Xobeh
Vehumet
Yredelemnul
Zin

Shops:
D:2 (


Message History

You shoot an arrow.
The arrow completely misses the orc wizard.
An orc comes into view. It is wielding a +0 trident.
The orc wizard gestures at you while chanting.
You resist with some effort. The orc wizard closely misses you.
The orc moves out of view.
You shoot an arrow. The arrow barely misses the orc wizard.
You shoot an arrow. The arrow hits the orc wizard.
The orc wizard is moderately wounded.
The orc wizard hits you but does no damage.
You shoot an arrow.
The arrow hits the orc wizard but does no damage.
The orc wizard is moderately wounded.
The orc priest misses you.
The orc wizard hits you with a +0 dagger.
You shoot an arrow. The arrow hits the orc wizard.
The orc wizard is heavily wounded.
The orc priest hits you but does no damage.
The orc hits you with a +0 club.
The orc wizard gestures at you while chanting.
You are confused.
2453 ||| DRINKING 2 potions of curing.
You feel better.
2453 ||| (to cure confusion)
The orc priest hits you with a +0 dagger.
The orc hits you with a +0 club. The orc wizard completely misses you.
You shoot an arrow. The arrow hits the orc wizard!
The orc wizard is almost dead.
The orc priest invokes the aid of Beogh against you.
Pain shoots through your body! The orc barely misses you.
The orc wizard hits you with a +0 dagger.
You shoot an arrow.
The arrow closely misses the orc wizard.
The orc priest hits you but does no damage.
The orc misses you. The orc wizard casts a spell at you.
The magic dart hits you!
You shoot an arrow. The arrow hits the orc wizard.
You kill the orc wizard!
The orc priest hits you with a +0 dagger.
You die...

~.#.~.#....##...##+####'###......
~.#.~##....##.............#......
~.#.~.....................#......
~.#.~.)...................#......
.~.#.......##......##.....#......
.~.#.##+#####......##............
.~.#.# ...##......##.....#......
.~.#.# .......o)........###.....
~~.#.# ......Oo@.....\.._}#.....
...#.. #..##o.###+#.....###.....
####.. ....} .........#...... ...
#........................
#...}.>.}............)...
##'......................
...oo}...............
........###..........


You could see an ogre, an orc priest and 2 orcs.

Vanquished Creatures
  An ogre (D:4)
  An orc wizard (D:4)
  An adder (D:2)
  5 orcs (D:3)
  6 endoplasms
  6 giant cockroaches
  6 goblins
  10 hobgoblins
  5 quokkas
  5 ball pythons
  12 bats
  3 frilled lizards
  9 kobolds
  3 rats
73 creatures vanquished.

Notes
Turn   | Place    | Note
-------+----------+-------------------------------------------
     0 | D:1      | qw the Deep Elf Hunter began the quest for the Orb.
     0 | D:1      | Reached XP level 1. HP: 12/12 MP: 3/3
     0 | D:1      | 0 ||| qw: Version: 0.3-a-22-g0ed2b0b
     0 | D:1      | 0 ||| qw: Game counter: 5567
     0 | D:1      | 0 ||| qw: Melee chars always use a shield: true
     0 | D:1      | 0 ||| qw: God list: Okawaru
     0 | D:1      | 0 ||| qw: Allow faded altars: false
     0 | D:1      | 0 ||| qw: Do Orc after clearing Dungeon:15 true
     0 | D:1      | 0 ||| qw: Do second Lair branch before Depths: true
     0 | D:1      | 0 ||| qw: Lair rune preference: random
     0 | D:1      | 0 ||| qw: Goals: Normal
     0 | D:1      | 0 ||| PLANNING D:1-11
   121 | D:1      | Reached XP level 2. HP: 16/16 MP: 4/4
   179 | D:1      | Reached skill level 6 in Ranged Weapons
   711 | D:1      | Reached XP level 3. HP: 20/20 MP: 5/5
   741 | D:1      | 741 ||| UPGRADING to +0 ring mail.
   751 | D:1      | 751 ||| DROPPING +0 leather armour.
   752 | D:1      | 752 ||| DROPPING ring of magical power.
   753 | D:1      | 753 ||| READING scroll labelled PODACZ OWKO.
   754 | D:1      | 754 ||| READING scroll labelled KEEXADGHULE.
   755 | D:1      | 755 ||| DRINKING 2 viscous grey potions.
   756 | D:1      | 756 ||| DROPPING scroll of butterflies.
   895 | D:2      | Found Otzaegge's Antique Weapon Emporium.
  1166 | D:2      | Reached skill level 7 in Ranged Weapons
  1586 | D:2      | 1586 ||| READING scroll labelled MAOQEZ CUPT.
  1587 | D:2      | 1587 ||| READING 2 scrolls labelled GIEZUMO MEOCUTTEPU.
  1588 | D:2      | 1588 ||| READING scroll labelled QEKHLI GANOJAO.
  1589 | D:2      | 1589 ||| READING scroll labelled YMPOXE RIPIRPHA.
  1619 | D:3      | 1619 ||| STAIRDANCE
  1629 | D:3      | Found a blossoming altar of Fedhas.
  1753 | D:3      | Found a snail-covered altar of Cheibriados.
  1797 | D:3      | Reached XP level 4. HP: 25/25 MP: 6/6
  1983 | D:3      | Found a radiant altar of Vehumet.
  2289 | D:3      | Found a basalt altar of Yredelemnul.
  2291 | D:3      | 2291 ||| DROPPING scarf of harm.
  2335 | D:4      | Found a shadowy altar of Dithmenos.
  2338 | D:4      | Found a sparkling altar of Nemelex Xobeh.
  2353 | D:4      | Noticed an ogre
  2363 | D:4      | Killed an ogre
  2364 | D:4      | Reached skill level 8 in Ranged Weapons
  2364 | D:4      | Reached XP level 5. HP: 29/29 MP: 7/7
  2421 | D:4      | Found Zin's Purification Station.
  2429 | D:4      | Found a glowing silver altar of Zin.
  2432 | D:4      | 2432 ||| BUYING potion of curing (90 gold).
  2432 | D:4      | Bought a potion of curing for 90 gold pieces
  2439 | D:4      | Found a staircase to the Ecumenical Temple.
  2440 | D:4      | 2440 ||| PLANNING TEMPLE
  2440 | D:4      | 2440 ||| Stepping ~*~*~tactically~*~*~ (outnumbered).
  2441 | D:4      | 2441 ||| UPGRADING to +0 cloak.
  2446 | D:4      | Noticed an ogre
  2453 | D:4      | 2453 ||| DRINKING 2 potions of curing.
  2453 | D:4      | 2453 ||| (to cure confusion)
  2455 | D:4      | HP: 1/29 [orc wizard/magic dart (7)]
  2456 | D:4      | Slain by an orc priest

Levels and vault maps discovered:
D:1:      lemuel_arrival_funnel, layout_basic, kennysheep_another_room
D:2:      layout_basic, serial_glass, glass_columns_a, glass_columns_a,
          serial_shops, nicolae_shop_just_a_little_nook
D:3:      layout_basic, fiery_altar_vehumet, nicolae_overflow_crystal_walls,
          mainiacjoe_overflow_small_starburst, lemuel_coloured_pillars_altar,
          hangedman_glass_teeth, chequers_serial_rivers_micro_d
D:4:      layout_gridville, zin_purify,
          hellmonk_okawaru_the_only_friend_you_need, nicolae_overflow_squiral,
          temple_fountains, serial_shops, shop, corexii_hall_statues_i

Skill      XL: |  1  2  3  4 |
---------------+-------------+-----
Ranged Weapons | 6 7 8 |  8.8
Fighting       | |  1.5
Dodging        | |  2.4
Stealth        | |  1.2

Action                     |  1- 3 |  4- 6 || total
---------------------------+-------+-------++-------
   Fire: Shortbow          |   149 |    56 ||   205
    Use: Scroll            |     6 |       ||     6
         Potion            |     1 |     1 ||     2
 Armour: Leather armour    |     4 |       ||     4
         Ring mail         |    22 |     7 ||    29
  Dodge: Dodged            |    53 |    13 ||    66

Table legend:
 A = Non-vault XP
 B = Vault XP
 C = Vault XP percentage of total XP
 D = Non-vault monster count
 E = Vault monster count
 F = Vault count percentage of total count
                 A         B        C        D         E       F
            +---------+---------+-------+---------+---------+-------
      Total |     289 |       0 |   0.0 |      73 |       0 |   0.0
            +---------+---------+-------+---------+---------+-------
        D:1 |      44 |       0 |   0.0 |      27 |       0 |   0.0
        D:2 |      46 |       0 |   0.0 |      20 |       0 |   0.0
        D:3 |      43 |       0 |   0.0 |      22 |       0 |   0.0
        D:4 |     156 |       0 |   0.0 |       4 |       0 |   0.0
            +---------+---------+-------+---------+---------+-------
